Get step-by-step instructions on how to execute this build order below. Start the game timer, and the build order will tick by so you can play in parallel with StarCraft on a second screen or mobile device.

Game Time

  0:00

Last Step

  N/A

Next Step

Upcoming Step



Don't want to look back and forth between 2 screens? Try out our Overwolf App, the Spawning Tool Build Advisor to get an in-game overlay with this build!

Complete Build Order

  8  0:01  Drone  
  9  0:10  Drone  
  10  0:16  Drone  
  11  0:28  Overlord  
  11  0:33  Drone  
  12  0:46  Drone x2  
  14  0:53  Drone  
  15  1:11  Hatchery  
  15  1:15  Drone  
  15  1:18  Drone  
  16  1:23  Drone  
  17  1:37  Spawning Pool  
  17  1:39  Drone  
  17  1:41  Extractor  
  17  1:44  Drone  
  17  1:50  Drone  
  18  2:00  Drone  
  19  2:12  Overlord  
  19  2:21  Drone  
  20  2:24  Queen x2  
  24  2:30  Zergling x2  
  24  2:31  Zergling x2  
  24  2:34  Drone  
  27  2:42  Drone  
  27  2:43  Drone  
  29  2:45  Metabolic Boost  
  29  2:53  Drone  
  29  2:54  Drone  
  31  3:04  Drone  
  32  3:09  Overlord  
  32  3:18  Hatchery  
  32  3:19  Drone  
  32  3:20  Overlord  
  32  3:28  Drone x2  
  34  3:34  Drone  
  34  3:36  Drone  
  36  3:46  Drone x3  
  36  3:47  Drone  
  40  3:48  Drone  
  40  3:53  Drone  
  40  3:54  Queen x2  
  46  3:58  Overlord  
  46  4:08  Zergling x4  
  48  4:10  Overlord  
  48  4:12  Overlord  
  49  4:17  Zergling x4  
  49  4:18  Zergling x4  
  49  4:19  Zergling x2  
  53  4:29  Queen  
  55  4:32  Zergling x2  
  55  4:34  Drone x2  
  55  4:36  Queen  
  60  4:42  Lair  
  60  4:43  Drone  
  60  4:44  Drone x3  
  64  4:46  Drone  
  64  4:48  Drone  
  64  4:51  Overlord  
  66  5:00  Overlord  
  66  5:03  Drone x4  
  66  5:04  Drone  
  66  5:06  Drone  
  72  5:08  Queen  
  73  5:15  Overlord, Roach Warren  
  72  5:21  Evolution Chamber  
  72  5:27  Spore Crawler  
  72  5:28  Spore Crawler  
  67  5:29  Spore Crawler  
  67  5:30  Drone x3  
  67  5:31  Drone x4  
  67  5:34  Drone  
  74  5:36  Extractor  
  74  5:38  Zergling x6  
  74  5:39  Extractor  
  74  5:42  Overseer  
  75  5:44  Overlord  
  75  5:45  Overlord  
  75  5:46  Zergling x2  
  75  6:06  Drone x3  
  75  6:07  Drone x3  
  75  6:08  Drone x3  
  80  6:12  Roach  
  83  6:18  Roach x2  
  83  6:19  Zerg Missile Weapons Level 1  
  83  6:22  Hatchery, Roach x2  
  83  6:24  Overlord x2  
  88  6:26  Roach  
  90  6:35  Overseer  
  87  6:48  Drone  
  87  6:49  Hydralisk Den  
  87  6:55  Spore Crawler  
  87  6:56  Drone x2  
  87  6:57  Spore Crawler, Drone x2  
  87  6:58  Drone, Extractor  
  89  7:06  Drone x4  
  89  7:07  Extractor x2, Drone x2  
  89  7:08  Drone x4  
  95  7:14  Glial Reconstitution, Roach  
  99  7:16  Roach  
  101  7:26  Grooved Spines  
  101  7:36  Drone x2  
  101  7:37  Drone x2  
  100  7:40  Hydralisk x5  
  109  7:49  Overlord  
  106  7:52  Hydralisk x3  
  112  7:59  Overlord x2  
  112  8:00  Overlord x2  
  112  8:01  Overlord x2  
  112  8:30  Drone x7  
  112  8:34  Drone, Infestation Pit  
  120  8:35  Muscular Augments  
  120  8:36  Drone x10  
  120  8:37  Drone x3  
  120  8:57  Drone x6  
  120  8:58  Drone x3  
  120  8:59  Drone x2  
  120  9:00  Drone x3  
  128  9:08  Spore Crawler  
  126  9:12  Hive  
  126  9:13  Infestor x3  
  126  9:15  Hydralisk x9  
  150  9:19  Zergling x4  
  150  9:21  Zergling x2  
  150  9:22  Zergling x2  
  154  9:34  Extractor  
  153  9:41  Hydralisk  
  153  9:42  Hydralisk  
  153  9:44  Zergling x14  
  153  9:45  Zergling x6  
  139  9:58  Hydralisk x10  
  139  9:59  Hydralisk x2  
  119  10:04  Hydralisk  
  119  10:05  Hydralisk  
  112  10:07  Roach  
  112  10:08  Roach  
  112  10:09  Queen x2  
  112  10:12  Roach x2  
  112  10:13  Roach  
  126  10:15  Roach  
  126  10:17  Roach  
  126  10:19  Roach  
  130  10:23  Roach x2  
  130  10:24  Roach  
  130  10:25  Roach  
  130  10:28  Roach  
  140  10:29  Roach  
  140  10:30  Roach  
  140  10:32  Roach  
  146  10:36  Hatchery  
  146  10:37  Roach  
  146  10:38  Overlord  
  146  10:39  Overlord  
  147  10:49  Hydralisk x2  
  140  10:51  Zergling x10  
  145  10:59  Zergling x6  
  141  11:19  Hydralisk x3  
  141  11:21  Zergling x2  
  141  11:22  Zergling x14  
  148  11:35  Hydralisk x3  
  154  11:41  Ultralisk Cavern  
  154  11:45  Zergling x2  
  150  11:49  Zergling x2  
  150  11:50  Zergling x2  
  150  11:52  Hydralisk x6  
  162  11:59  Evolution Chamber  
  161  12:03  Zergling x6, Hatchery  
  153  12:15  Hydralisk  
  113  12:18  Hydralisk x2  
  113  12:21  Hydralisk x4  
  88  12:31  Zerg Missile Weapons Level 2  
  88  12:32  Zerg Melee Weapons Level 1  
  88  12:37  Drone x2  
  88  12:38  Drone x2  
  88  12:39  Drone x3  
  88  12:40  Drone x3  
  88  12:43  Drone  
  99  12:47  Drone  
  100  12:53  Ultralisk x2  
  100  12:55  Zergling x6  
  115  12:59  Unknown  
  115  13:00  Zergling x2  
  115  13:03  Zergling x2  
  114  13:07  Ultralisk, Zergling x2  
  114  13:08  Zergling x10  
  125  13:17  Drone x3  
  128  13:22  Drone  
  128  13:25  Chitinous Plating  
  129  13:29  Drone x6  
  129  13:33  Infestor x2  
  133  13:44  Extractor  
  132  13:53  Hatchery  
  131  13:58  Overlord x3  
  131  14:00  Infestor  
  133  14:06  Infestor  
  133  14:08  Hatchery  
  134  14:13  Infestor  
  134  14:14  Hydralisk x3  
  134  14:15  Zergling x2  
  134  14:16  Zergling x2  
  144  14:27  Hydralisk x3  
  144  14:29  Hatchery  
  149  14:32  Queen x2  
  149  14:45  Zergling x16  
  140  14:46  Zergling x4  
  140  14:50  Zerg Melee Weapons Level 2  
  147  14:53  Zerg Ground Armor Level 1  
  142  15:00  Hatchery  
  142  15:06  Zergling x6  
  142  15:07  Zergling x12  
  145  15:08  Zergling x4  
  145  15:12  Zergling x2  
  145  15:13  Zergling x4  
  148  15:14  Zergling x4  
  148  15:15  Zergling x2  
  144  15:27  Zergling x18  
  143  15:39  Drone  
  143  15:40  Drone x5  
  149  15:48  Overseer  
  149  15:53  Baneling Nest  
  148  16:00  Ultralisk x2  
  148  16:01  Hydralisk  
  148  16:02  Hydralisk  
  164  16:13  Anabolic Synthesis  
  164  16:15  Ultralisk  
  170  16:19  Ultralisk  
  170  16:26  Queen  
  170  16:32  Burrow  
  172  16:33  Pneumatized Carapace  
  172  16:38  Spore Crawler  
  171  16:40  Spine Crawler  
  171  16:41  Drone x2, Spine Crawler x2  
  171  16:47  Drone x5  
  171  16:49  Drone  
  176  16:55  Overlord x2  
  148  17:04  Hydralisk x4  
  134  17:10  Hydralisk  
  134  17:12  Hydralisk  
  134  17:15  Hydralisk x2  
  127  17:19  Hydralisk  
  131  17:27  Hydralisk x2  
  131  17:28  Hydralisk x2  
  121  17:32  Hydralisk  
  117  17:51  Extractor  
  117  17:53  Extractor  
  114  18:03  Ultralisk  
  114  18:04  Ultralisk x3  
  136  18:09  Infestor  
  136  18:10  Infestor  
  140  18:20  Zerg Melee Weapons Level 3  
  140  18:22  Zergling x4  
  140  18:23  Zergling x2  
  143  18:31  Drone  
  143  18:32  Drone x2  
  143  18:33  Drone x2  
  143  18:34  Drone x2, Viper x2  
  150  18:37  Infestor  
  150  18:39  Infestor  
  160  19:06  Hatchery  
  157  19:11  Hydralisk x7  
  167  19:21  Zergling x16  
  128  19:40  Ultralisk x3  
  128  19:44  Zergling x6  
  149  19:51  Zergling x2  
  149  19:52  Zergling x8  
  147  20:14  Drone  
  147  20:19  Drone x6  
  147  20:20  Drone  
  155  20:25  Extractor  
  154  20:39  Ultralisk  
  154  20:40  Zergling x2, Hatchery  
  136  21:14  Ultralisk x2  
  146  21:42  Hydralisk x6  
  146  21:43  Spine Crawler  
  146  21:44  Spine Crawler  
  129  21:57  Hydralisk x3  
  129  22:00  Ultralisk x5, Hydralisk  
  127  22:05  Drone x9  
  127  22:06  Drone  
  101  22:20  Infestor x2  
  94  22:39  Ultralisk  
  100  23:10  Viper x2  
  106  23:22  Zergling x14  
  75  23:44  Zergling x16  
  75  23:46  Zergling x2  
  69  24:00  Drone  
  69  24:01  Drone x6  
  69  24:14  Zergling x2  
  69  24:15  Zergling x8  
  66  24:26  Spore Crawler  
  66  24:28  Spore Crawler